Map: Lightshade LE

Players

Denver - Winner!

  • Race: Zerg Zerg

GunGFuBanDa

  • Race: Protoss Protoss

Event: DreamHack SC2 Masters 2021 Winter

VOD

Have the link to the VOD?

Description

Time

  • Played on: Oct. 13, 2021, 10:38 a.m.
  • Length: 7:11

All games in this series

Show
View Real Time Build Order
Export as new Build Order

Denver Zerg - Winner!

Build Orders: Hatch First 

Get SALT Encoding   

  12  0:00  Drone  
  13  0:12  Overlord  
  13  0:16  Drone  
  14  0:30  Drone x2  
  16  0:51  Drone  
  16  0:52  Hatchery  
  16  0:55  Drone  
  17  0:58  Drone  
  18  1:12  Extractor  
  18  1:15  Spawning Pool  
  18  1:18  Drone  
  17  1:20  Drone  
  18  1:29  Drone  
  19  1:38  Drone  
  20  1:50  Overlord  
  20  2:02  Queen  
  20  2:04  Queen  
  20  2:05  Zergling x4  
  26  2:14  Metabolic Boost  
  26  2:15  Drone x2  
  29  2:22  Drone  
  30  2:30  Drone  
  30  2:38  Hatchery  
  29  2:45  Queen  
  29  2:49  Overlord  
  31  2:52  Drone  
  31  2:54  Drone  
  31  2:57  Drone  
  34  3:02  Drone x2  
  36  3:09  Drone x2  
  36  3:11  Overlord  
  37  3:15  Drone x2  
  37  3:19  Drone x2  
  41  3:25  Queen  
  43  3:28  Overlord  
  43  3:32  Drone  
  43  3:33  Drone  
  45  3:39  Overlord  
  45  3:41  Spore Crawler  
  45  3:44  Drone x2  
  45  3:45  Drone  
  47  3:49  Zergling x6  
  47  3:54  Drone  
  51  3:56  Spore Crawler  
  51  3:57  Zergling x2  
  51  3:59  Drone  
  51  4:00  Drone x2  
  54  4:04  Spore Crawler  
  54  4:08  Spore Crawler  
  54  4:09  Drone x3  
  55  4:16  Drone x3  
  58  4:20  Drone x3  
  58  4:22  Overlord  
  62  4:28  Roach Warren  
  62  4:30  Queen  
  63  4:33  Drone x2  
  63  4:34  Drone  
  66  4:39  Drone  
  66  4:42  Overlord  
  66  4:43  Queen, Spore Crawler  
  68  4:47  Extractor  
  68  4:48  Drone x2  
  68  4:49  Drone  
  68  4:50  Extractor  
  68  4:51  Drone  
  68  4:52  Drone  
  71  4:53  Drone  
  71  4:57  Overlord  
  72  5:01  Overlord  
  72  5:02  Zergling x6  
  75  5:11  Queen  
  75  5:17  Roach x5  
  85  5:23  Overlord  
  85  5:24  Roach x3  
  91  5:31  Zergling x12  
  91  5:33  Overlord  
  96  5:40  Lair  
  96  5:43  Ravager x3  
  96  5:48  Zergling x12  
  105  5:51  Overlord  
  105  5:57  Zergling x10  
  108  6:08  Zergling x6  
  108  6:11  Queen x2  
  104  6:13  Ravager  
  102  6:19  Zergling x16  
  102  6:33  Zergling x2  
  102  6:34  Ravager x4, Zergling x4  
  111  6:40  Zergling x6  
  112  6:48  Zergling x6  
Show
View Real Time Build Order
Export as new Build Order

GunGFuBanDa Protoss 

Build Orders: 1 Gate Expand, Oracle Opening 

Get SALT Encoding   

  12  0:00  Probe  
  13  0:12  Probe  
  14  0:17  Pylon  
  14  0:24  Probe (Chrono Boost)  
  16  0:36  Probe (Chrono Boost)  
  16  0:38  Gateway  
  16  0:43  Probe (Chrono Boost)  
  16  0:49  Assimilator  
  17  0:51  Probe  
  18  1:03  Probe  
  19  1:15  Probe  
  20  1:26  Nexus  
  20  1:36  Cybernetics Core  
  20  1:37  Probe (Chrono Boost)  
  21  1:45  Assimilator  
  22  1:48  Probe (Chrono Boost)  
  22  1:54  Probe (Chrono Boost)  
  22  1:55  Pylon  
  23  2:11  Adept (Chrono Boost)  
  23  2:13  Probe  
  26  2:23  Stargate  
  26  2:25  Probe  
  27  2:30  Warp Gate  
  27  2:34  Adept  
  29  2:39  Probe (Chrono Boost)  
  29  2:43  Probe (Chrono Boost)  
  31  2:48  Probe (Chrono Boost)  
  33  2:51  Probe (Chrono Boost)  
  33  2:53  Probe (Chrono Boost)  
  34  3:02  Probe  
  34  3:05  Probe, Oracle (Chrono Boost)  
  35  3:06  Gateway  
  39  3:13  Pylon  
  39  3:14  Probe  
  39  3:17  Adept  
  42  3:21  Probe  
  42  3:26  Probe  
  44  3:34  Probe  
  44  3:35  Oracle (Chrono Boost)  
  44  3:38  Probe  
  49  3:41  Pylon  
  49  3:47  Probe  
  50  3:53  Pylon  
  50  4:06  Oracle, Probe  
  50  4:07  Nexus  
  54  4:16  Probe  
  55  4:17  Shield Battery  
  55  4:20  Stalker  
  57  4:25  Probe  
  57  4:28  Assimilator, Probe  
  57  4:30  Assimilator  
  59  4:35  Adept  
  62  4:38  Probe (Chrono Boost)  
  62  4:40  Robotics Facility, Probe (Chrono Boost)  
  62  4:45  Adept  
  65  4:50  Pylon  
  65  4:52  Probe (Chrono Boost)  
  67  4:56  Probe (Chrono Boost), Forge  
  67  4:59  Probe (Chrono Boost)  
  68  5:00  Pylon  
  68  5:02  Probe (Chrono Boost)  
  68  5:06  Probe  
  71  5:14  Probe  
  71  5:18  Probe  
  71  5:19  Probe  
  73  5:22  Twilight Council  
  73  5:26  Probe, Sentry x2  
  78  5:30  Immortal (Chrono Boost)  
  78  5:31  Probe x2  
  78  5:32  Assimilator  
  84  5:36  Assimilator, Pylon  
  84  5:38  Probe  
  85  5:44  Probe (Chrono Boost)  
  85  5:48  Probe (Chrono Boost)  
  87  5:53  Robotics Bay  
  87  5:54  Pylon  
  87  5:55  Probe (Chrono Boost)  
  87  5:56  Stalker  
  91  6:00  Probe x2 (Chrono Boost)  
  91  6:03  Shield Battery  
  91  6:04  Probe (Chrono Boost)  
  91  6:10  Stalker  
  91  6:11  Probe  
  88  6:22  Immortal (Chrono Boost)  
  88  6:23  Stalker, Shield Battery  
  88  6:24  Shield Battery  
  90  6:25  Photon Cannon  
  80  6:39  Dark Shrine  
  80  6:41  Shield Battery  
  80  6:42  Stalker  
  80  6:44  Pylon  
  79  6:48  Pylon  
  80  6:57  Photon Cannon  
  80  6:59  Zealot  
  86  7:05  Photon Cannon  
  86  7:06  Photon Cannon  

Tags
 
Add a new tag
Caveats
  • Supply blocks, unpowered buildings, or Contaminate may cause inaccurate times.
  • Supply counts are checked every 10 seconds.